Map: Infestation

Players

Fropez - Winner!

  • Race: Protoss Protoss
  • League: Silver
  • Spawn Location: 3:00

Obi - Winner!

  • Race: Terran Terran
  • Spawn Location: 3:00

AllenHsiao

  • Race: Protoss Protoss
  • League: Bronze
  • Spawn Location: 9:00

Johnny

  • Race: Terran Terran
  • Spawn Location: 9:00

VOD

Have the link to the VOD?

Description

Time

  • Played on: May 25, 2016, 10:21 a.m.
  • Length: 5:17
Show
View Real Time Build Order
Export as new Build Order

Fropez Protoss - Winner!

Build Orders: Oracle Opening 

Get SALT Encoding   

  12  0:09  Pylon  
  12  0:23  Probe (Chrono Boost)  
  13  0:28  Gateway  
  13  0:34  Probe (Chrono Boost)  
  14  0:44  Assimilator  
  14  0:45  Probe (Chrono Boost)  
  15  0:55  Probe (Chrono Boost)  
  16  1:06  Probe (Chrono Boost)  
  17  1:17  Cybernetics Core  
  17  1:22  Probe (Chrono Boost)  
  17  1:23  Assimilator  
  17  1:24  Pylon  
  18  1:32  Probe (Chrono Boost)  
  19  1:36  Pylon  
  19  1:43  Probe (Chrono Boost)  
  20  1:53  Probe (Chrono Boost)  
  21  1:56  Stargate  
  21  2:04  Probe (Chrono Boost)  
  22  2:14  Probe (Chrono Boost)  
  23  2:23  Protoss Air Weapons Level 1  
  23  2:25  Probe (Chrono Boost)  
  23  2:40  Oracle  
  26  2:46  Probe (Chrono Boost)  
  24  3:01  Probe (Chrono Boost)  
  20  3:12  Probe (Chrono Boost)  
  15  3:22  Probe (Chrono Boost)  
  16  3:38  Probe (Chrono Boost)  
  17  3:42  Oracle  
  21  3:48  Probe (Chrono Boost)  
  21  3:59  Probe (Chrono Boost)  
  22  4:13  Probe (Chrono Boost)  
  23  4:23  Probe (Chrono Boost)  
  24  4:29  Oracle  
Show
View Real Time Build Order
Export as new Build Order

Obi Terran - Winner!

Build Orders:  

Get SALT Encoding   

  12  0:02  SCV  
  13  0:16  SCV  
  14  0:30  Supply Depot  
  14  0:31  SCV  
  15  0:39  Refinery  
  15  0:51  SCV  
  15  0:53  Barracks  
  16  0:59  Supply Depot  
  16  1:03  SCV  
  17  1:15  SCV  
  18  1:28  SCV  
  19  1:36  Barracks  
  19  1:40  Marine, SCV  
  21  1:52  SCV  
  22  1:56  Refinery  
  22  2:01  Engineering Bay  
  22  2:04  Barracks Reactor, SCV  
  23  2:16  SCV  
  23  2:19  Bunker  
  24  2:26  Marine  
  25  2:44  Marine  
  25  2:48  Marine x2  
  26  3:01  Marine  
  27  3:06  Marine x2  
  29  3:19  Marine  
  25  3:36  Marine x2  
  25  3:38  Marine  
  20  3:44  SCV  
  15  3:54  Marine x2  
  15  3:56  SCV  
  15  3:57  Barracks Reactor  
  13  4:08  SCV  
  13  4:20  Marine x2, SCV  
  13  4:32  SCV  
  13  4:38  Marine x2  
  10  4:44  SCV  
  4  4:55  Marine  
  4  4:56  Marine, SCV  
Show
View Real Time Build Order
Export as new Build Order

AllenHsiao Protoss 

Build Orders: Oracle Opening, Phoenix Opening 

Get SALT Encoding   

  12  0:02  Probe (Chrono Boost)  
  13  0:12  Probe (Chrono Boost)  
  14  0:19  Pylon  
  14  0:23  Probe (Chrono Boost)  
  15  0:37  Probe (Chrono Boost)  
  15  0:39  Gateway  
  16  0:44  Assimilator  
  16  0:48  Probe (Chrono Boost)  
  17  0:53  Assimilator  
  17  0:58  Probe (Chrono Boost)  
  17  1:03  Pylon  
  18  1:09  Probe (Chrono Boost)  
  19  1:19  Probe (Chrono Boost)  
  20  1:29  Cybernetics Core  
  20  1:30  Probe (Chrono Boost)  
  21  1:41  Probe (Chrono Boost)  
  22  1:51  Probe (Chrono Boost)  
  23  2:05  Stargate  
  23  2:07  Mothership Core (Chrono Boost)  
  25  2:22  Nexus  
  25  2:29  Pylon  
  25  2:31  Warp Gate (Chrono Boost)  
  25  2:49  Oracle (Chrono Boost)  
  25  2:50  Pylon  
  28  2:57  Assimilator  
  28  3:00  Probe  
  29  3:06  Forge  
  30  3:12  Probe  
  30  3:23  Oracle (Chrono Boost)  
  33  3:27  Stalker  
  35  3:47  Probe  
  35  3:48  Probe  
  35  3:52  Phoenix (Chrono Boost)  
  39  3:58  Pylon  
  39  3:59  Probe  
  39  4:00  Probe  
  41  4:23  Photon Cannon  
  41  4:28  Phoenix  
  43  4:46  Stargate  
  43  4:47  Probe x2  
  45  4:56  Photon Cannon  
  45  4:57  Assimilator  
  45  4:59  Probe x2  
Show
View Real Time Build Order
Export as new Build Order

Johnny Terran 

Build Orders:  

Get SALT Encoding   

  12  0:01  SCV  
  13  0:13  SCV  
  14  0:19  Supply Depot  
  14  0:25  SCV  
  15  0:31  Refinery  
  15  0:45  Barracks  
  15  0:46  SCV  
  16  0:59  Barracks  
  16  1:03  SCV  
  17  1:15  SCV  
  18  1:27  SCV  
  18  1:32  Reaper  
  20  1:35  Supply Depot  
  20  1:39  Orbital Command  
  20  1:48  Reaper  
  20  1:50  Refinery  
  21  1:57  Supply Depot  
  21  2:04  Reaper  
  21  2:05  SCV  
  23  2:16  Supply Depot  
  23  2:17  SCV  
  23  2:20  Reaper  
  25  2:29  SCV  
  26  2:34  Engineering Bay  
  26  2:41  SCV  
  27  2:48  Reaper  
  28  2:52  Reaper  
  29  3:05  SCV  
  30  3:10  Missile Turret  
  28  3:37  Command Center  
  28  3:40  SCV  
  28  3:41  Factory  
  29  3:44  Barracks  
  29  3:45  Barracks Tech Lab  
  29  3:47  Barracks Tech Lab  
  27  3:52  SCV  
  28  4:07  Marine  
  28  4:08  Marine  
  30  4:29  Factory Reactor  
  30  4:30  Starport  
  30  4:33  Marine x2  
  30  4:35  Barracks Reactor  
  30  4:37  Missile Turret  
  32  4:40  SCV  
  32  4:44  Refinery  
  33  4:52  SCV  
  33  5:04  SCV x2  
Tags
 
Add a new tag
Caveats
  • Supply blocks, unpowered buildings, or Contaminate may cause inaccurate times.
  • Supply counts are checked every 10 seconds.